3L
QUEBEC CITY LES BLEUS @ HOUSTON 1837 BBC
07/21/2034
 
TOP OF THE 1ST
Quebec City Les Bleus batting - Pitching for Houston 1837 BBC : RHP Gary Mason
Pitching: RHP Gary Mason
Batting: LHB Jeff Simpson 0-0: Foul Ball, location: 2F
0-1: Fly out, F8 (Flyball, 8RS)
Batting: LHB Scott Janousek 0-0: Ball
1-0: Called Strike
1-1: Ground out 4-3 (Groundball, 4)
Batting: RHB Kameron Guangorena 0-0: Fly out, F8 (Flyball, 8RXD)
Top of the 1st over - 0 runs, 0 hits, 0 errors, 0 left on base; Quebec City 0 - Houston 0
BOTTOM OF THE 1ST
Houston 1837 BBC batting - Pitching for Quebec City Les Bleus : RHP Pleun Davidse
Pitching: RHP Pleun Davidse
Batting: LHB Kai-ge Choe 0-0: Called Strike
0-1: Ball
1-1: Called Strike
1-2: Ball
2-2: Ball
3-2: Foul Ball, location: 2F
3-2: Foul Ball, location: 2F
3-2: Base on Balls
Batting: SHB Galtero Suárez 0-0: Called Strike
0-1: Foul Ball, location: 2F
0-2: Ball
1-2: Strikes out swinging
Batting: RHB Jon Osterman 0-0: Called Strike
0-1: Fly out, F9 (Flyball, 9)
Batting: RHB Joey Trifone 0-0: Ball
1-0: Swinging Strike
1-1: Swinging Strike
1-2: Ball
2-2: Ground out U3 (Groundball, 3S)
Bottom of the 1st over - 0 runs, 0 hits, 0 errors, 1 left on base; Quebec City 0 - Houston 0
TOP OF THE 2ND
Quebec City Les Bleus batting - Pitching for Houston 1837 BBC : RHP Gary Mason
Batting: LHB Palaie Gaoteote 0-0: Swinging Strike
0-1: Ball
1-1: Foul Ball, location: 2F
1-2: Strikes out swinging
Batting: RHB Reg Spiers 0-0: Ball
1-0: Ball
2-0: Foul Ball, location: 2F
2-1: Foul Ball, location: 2F
2-2: Ball
3-2: Foul Ball, location: 2F
3-2: Foul Ball, location: 2F
3-2: Foul Ball, location: 2F
3-2: Strikes out swinging
Batting: SHB Stan St. John 0-0: Ball
1-0: Called Strike
1-1: Swinging Strike
1-2: Ball
2-2: Strikes out swinging
Top of the 2nd over - 0 runs, 0 hits, 0 errors, 0 left on base; Quebec City 0 - Houston 0
BOTTOM OF THE 2ND
Houston 1837 BBC batting - Pitching for Quebec City Les Bleus : RHP Pleun Davidse
Batting: RHB Phil Sherman 0-0: Ball
1-0: SINGLE (Flyball, 89M)
Batting: LHB Mike Houston 0-0: Foul Ball, location: 2F
0-1: Foul Ball, location: 2F
0-2: Foul Ball, location: 2F
0-2: Ball
1-2: Ball
2-2: Foul Ball, location: 2F
2-2: Foul Ball, location: 2F
2-2: Ball
3-2: SINGLE (Groundball, 15) (infield hit)
Phil Sherman to second
Batting: RHB Komotay Koffie 0-0: Foul Ball, location: 2F
0-1: 3-RUN HOME RUN (Flyball, 78XD), Distance : 437 ft
Batting: LHB Owen Sharts 0-0: Foul Ball, location: 2F
0-1: Foul Ball, location: 2F
0-2: Hit by Pitch
Batting: RHB Juan Chávez 0-0: Ground out 6-3 (Groundball, 6S)
Owen Sharts to second
Batting: LHB Kai-ge Choe 0-0: Ball
1-0: Called Strike
Owen Sharts is caught stealing 3rd base
1-1: Ball
2-1: Ball
3-1: SINGLE (Line Drive, 4D)
Batting: SHB Galtero Suárez 0-0: Called Strike
0-1: Ball
1-1: Ball
2-1: Fly out, F9 (Flyball, 9)
Bottom of the 2nd over - 3 runs, 4 hits, 0 errors, 1 left on base; Quebec City 0 - Houston 3
TOP OF THE 3RD
Quebec City Les Bleus batting - Pitching for Houston 1837 BBC : RHP Gary Mason
Batting: RHB Lane McCool 0-0: Called Strike
0-1: Foul Ball, location: 2F
0-2: Ball
1-2: Ball
2-2: Strikes out swinging
Batting: RHB Cam MacIntosh 0-0: Ball
1-0: Called Strike
1-1: Called Strike
1-2: Ball
2-2: Ball
3-2: Foul Ball, location: 2F
3-2: Base on Balls
Batting: RHB Stan Pagnotta 0-0: Foul Ball, location: 2F
0-1: SINGLE (Groundball, 56D)
Cam MacIntosh to second
Batting: LHB Jeff Simpson 0-0: Ball
1-0: Fielders Choice at 2nd, 3-6 (Groundball, 34)
Cam MacIntosh to third
Batting: LHB Scott Janousek 0-0: Ball
1-0: Ball
2-0: Foul Ball, location: 2F
2-1: Foul Ball, location: 2F
2-2: Foul Ball, location: 2F
2-2: Foul Ball, location: 2F
2-2: Strikes out swinging
Top of the 3rd over - 0 runs, 1 hit, 0 errors, 2 left on base; Quebec City 0 - Houston 3
BOTTOM OF THE 3RD
Houston 1837 BBC batting - Pitching for Quebec City Les Bleus : RHP Pleun Davidse
Batting: RHB Jon Osterman 0-0: Foul Ball, location: 2F
0-1: Ball
1-1: Ball
2-1: Fly out, F7 (Flyball, 7)
Batting: RHB Joey Trifone 0-0: Ball
1-0: Foul Ball, location: 2F
1-1: Ball
2-1: Ball
3-1: Base on Balls
Pitching: RHP Stanley Eldrige
Batting: RHB Phil Sherman 0-0: Ball
1-0: Called Strike
1-1: Called Strike
1-2: Grounds into double play, 6-4-3 (Groundball, 6M)
Bottom of the 3rd over - 0 runs, 0 hits, 0 errors, 0 left on base; Quebec City 0 - Houston 3
TOP OF THE 4TH
Quebec City Les Bleus batting - Pitching for Houston 1837 BBC : RHP Gary Mason
Batting: RHB Kameron Guangorena 0-0: Ball
1-0: Ball
2-0: Foul Ball, location: 2F
2-1: Foul Ball, location: 2F
2-2: Strikes out swinging
Batting: LHB Palaie Gaoteote 0-0: Ball
1-0: Foul Ball, location: 2F
1-1: Ball
2-1: Fly out, F8 (Flyball, 8LD)
Batting: RHB Reg Spiers 0-0: Foul Ball, location: 2F
0-1: Ball
1-1: Foul Ball, location: 2F
1-2: Ball
2-2: Strikes out looking
Top of the 4th over - 0 runs, 0 hits, 0 errors, 0 left on base; Quebec City 0 - Houston 3
BOTTOM OF THE 4TH
Houston 1837 BBC batting - Pitching for Quebec City Les Bleus : RHP Stanley Eldrige
Batting: LHB Mike Houston 0-0: Fly out, F5 (Popup, 56S)
Batting: RHB Komotay Koffie 0-0: Called Strike
0-1: Ball
1-1: Foul Ball, location: 2F
1-2: Foul Ball, location: 2F
1-2: Ball
2-2: Fly out, F7 (Flyball, 7S)
Batting: LHB Owen Sharts 0-0: Called Strike
0-1: Foul Ball, location: 2F
0-2: Ball
1-2: SINGLE (Groundball, 34D)
Batting: RHB Juan Chávez 0-0: Ball
1-0: Called Strike
1-1: Ball
Owen Sharts steals 2nd base
2-1: Ball
3-1: Foul Ball, location: 2F
3-2: Foul Ball, location: 2F
3-2: 2-RUN HOME RUN (Flyball, 9D), Distance : 399 ft
Batting: LHB Kai-ge Choe 0-0: Called Strike
0-1: Ball
1-1: Ball
2-1: Ball
3-1: Called Strike
3-2: Foul Ball, location: 2F
3-2: Base on Balls
Batting: SHB Galtero Suárez 0-0: Swinging Strike
Kai-ge Choe steals 2nd base
0-1: Ball
1-1: Ball
2-1: Swinging Strike
2-2: Foul Ball, location: 2F
2-2: Ground out U3 (Groundball, 3)
Bottom of the 4th over - 2 runs, 2 hits, 0 errors, 1 left on base; Quebec City 0 - Houston 5
TOP OF THE 5TH
Quebec City Les Bleus batting - Pitching for Houston 1837 BBC : RHP Gary Mason
Batting: SHB Stan St. John 0-0: Ball
1-0: Ball
2-0: Ball
3-0: Foul Ball, location: 2F
3-1: Foul Ball, location: 2F
3-2: SINGLE (Line Drive, 56)
Batting: RHB Lane McCool 0-0: Called Strike
0-1: Swinging Strike
0-2: Strikes out swinging
Batting: RHB Cam MacIntosh 0-0: Called Strike
0-1: Swinging Strike
0-2: Ball
1-2: Foul Ball, location: 2F
1-2: Ball
2-2: Strikes out looking
Batting: RHB Stan Pagnotta 0-0: Ball
1-0: Called Strike
1-1: SINGLE (Line Drive, 56)
Stan St. John to second
Batting: LHB Jeff Simpson 0-0: Ball
1-0: Called Strike
1-1: Ball
Balk!
Stan St. John to third
Stan Pagnotta to second
2-1: SINGLE (Groundball, 4S) (infield hit)
Stan St. John scores
Stan Pagnotta to third
Batting: LHB Scott Janousek 0-0: Called Strike
0-1: Ball
1-1: Fly out, F8 (Flyball, 8LS)
Top of the 5th over - 1 run, 3 hits, 0 errors, 2 left on base; Quebec City 1 - Houston 5
BOTTOM OF THE 5TH
Houston 1837 BBC batting - Pitching for Quebec City Les Bleus : RHP Stanley Eldrige
Batting: RHB Jon Osterman 0-0: Fly out, F7 (Flyball, 7)
Batting: RHB Joey Trifone 0-0: Swinging Strike
0-1: Ball
1-1: Ground out 6-3 (Groundball, 6)
Batting: RHB Phil Sherman 0-0: Called Strike
0-1: Ground out 4-3 (Groundball, 4)
Bottom of the 5th over - 0 runs, 0 hits, 0 errors, 0 left on base; Quebec City 1 - Houston 5
TOP OF THE 6TH
Quebec City Les Bleus batting - Pitching for Houston 1837 BBC : RHP Gary Mason
Batting: RHB Kameron Guangorena 0-0: Called Strike
0-1: Ball
1-1: Ball
2-1: Ball
3-1: Base on Balls
Pitching: RHP Martín Valverde
Batting: LHB Palaie Gaoteote 0-0: Called Strike
0-1: Foul Ball, location: 2F
0-2: Ball
1-2: Foul Ball, location: 2F
1-2: Ball
2-2: Ball
3-2: Strikes out swinging
Batting: RHB Reg Spiers 0-0: Ball
1-0: Foul Ball, location: 2F
1-1: Foul Ball, location: 2F
1-2: Ball
2-2: Foul Ball, location: 2F
2-2: Foul Ball, location: 2F
2-2: Foul Ball, location: 2F
2-2: Strikes out swinging
Batting: SHB Stan St. John 0-0: Foul Ball, location: 2F
0-1: Swinging Strike
0-2: Strikes out swinging
Top of the 6th over - 0 runs, 0 hits, 0 errors, 1 left on base; Quebec City 1 - Houston 5
BOTTOM OF THE 6TH
Houston 1837 BBC batting - Pitching for Quebec City Les Bleus : RHP Stanley Eldrige
Batting: LHB Mike Houston 0-0: Ball
1-0: Called Strike
1-1: Ball
2-1: Ball
3-1: Base on Balls
Batting: RHB Komotay Koffie 0-0: Called Strike
0-1: Bunted foul
0-2: Strikes out swinging
Batting: LHB Owen Sharts 0-0: Swinging Strike
0-1: Ball
1-1: Ball
2-1: SINGLE (Line Drive, 56D)
Mike Houston to second
Batting: RHB Juan Chávez 0-0: Foul Ball, location: 2F
0-1: Swinging Strike
0-2: Ball
1-2: Ball
2-2: Foul Ball, location: 2F
2-2: Ball
3-2: Foul Ball, location: 2F
3-2: Base on Balls
Mike Houston to third
Owen Sharts to second
Pitching: LHP Yoshi Minamoto
Batting: LHB Kai-ge Choe 0-0: Ball
1-0: Called Strike
1-1: Ball
2-1: Foul Ball, location: 2F
2-2: Ball
3-2: SINGLE (Line Drive, 7LM)
Mike Houston scores
Owen Sharts to third
Juan Chávez to second
Runner from 3rd tries for Home, SAFE, no throw
Batting: SHB Galtero Suárez 0-0: Swinging Strike
0-1: Called Strike
0-2: SINGLE (Flyball, 7S)
Juan Chávez to third
Kai-ge Choe to second
Runner from 3rd tries for Home, SAFE, no throw
Batting: RHB Jon Osterman 0-0: Fly out, F7 (Flyball, 7LS)
Batting: RHB Joey Trifone 0-0: Called Strike
0-1: Foul Ball, location: 2F
0-2: Ball
1-2: Foul Ball, location: 2F
1-2: Ball
2-2: Ball
3-2: Base on Balls
Kai-ge Choe to third
Galtero Suárez to second
Batting: RHB Phil Sherman 0-0: Ball
1-0: Ball
2-0: Ball
3-0: Base on Balls
Kai-ge Choe scores
Galtero Suárez to third
Joey Trifone to second
Batting: LHB Mike Houston 0-0: Ball
1-0: Swinging Strike
1-1: Ball
2-1: Ball
3-1: Called Strike
3-2: Fly out, F4 (Line Drive, 4)
Bottom of the 6th over - 4 runs, 3 hits, 0 errors, 3 left on base; Quebec City 1 - Houston 9
TOP OF THE 7TH
Quebec City Les Bleus batting - Pitching for Houston 1837 BBC : RHP Martín Valverde
Batting: RHB Lane McCool 0-0: Ball
1-0: Called Strike
1-1: SINGLE (Groundball, 6MD)
Batting: RHB Cam MacIntosh 0-0: Ball
1-0: Ball
2-0: Foul Ball, location: 2F
2-1: Fly out, F9 (Flyball, 9LM)
Batting: RHB Stan Pagnotta 0-0: Called Strike
0-1: Swinging Strike
0-2: Foul Ball, location: 2F
0-2: Ball
1-2: Grounds into double play, 1-4-3 (Groundball, 15)
Top of the 7th over - 0 runs, 1 hit, 0 errors, 0 left on base; Quebec City 1 - Houston 9
BOTTOM OF THE 7TH
Houston 1837 BBC batting - Pitching for Quebec City Les Bleus : LHP Yoshi Minamoto
Batting: RHB Komotay Koffie 0-0: Called Strike
0-1: Foul Ball, location: 2F
0-2: Strikes out swinging
Batting: LHB Owen Sharts 0-0: Ball
1-0: Ball
2-0: Ball
3-0: Base on Balls
Batting: RHB Juan Chávez 0-0: Foul Ball, location: 2F
0-1: Ball
1-1: Ball
2-1: Called Strike
2-2: Ball
3-2: Base on Balls
Owen Sharts to second
Batting: LHB Kai-ge Choe 0-0: Ball
1-0: Foul Ball, location: 2F
1-1: Swinging Strike
1-2: Strikes out swinging
Batting: SHB Galtero Suárez 0-0: Ball
1-0: Ball
2-0: Ball
3-0: Base on Balls
Owen Sharts to third
Juan Chávez to second
Batting: RHB Jon Osterman 0-0: Fly out, F7 (Flyball, 7D)
Bottom of the 7th over - 0 runs, 0 hits, 0 errors, 3 left on base; Quebec City 1 - Houston 9
TOP OF THE 8TH
Quebec City Les Bleus batting - Pitching for Houston 1837 BBC : RHP Martín Valverde
Pitching: LHP Javier Desdin
Batting: LHB Jeff Simpson 0-0: Ball
1-0: Ball
2-0: Called Strike
2-1: Foul Ball, location: 2F
2-2: Foul Ball, location: 2F
2-2: Reached via error on a dropped throw, E3
Batting: LHB Scott Janousek 0-0: Foul Ball, location: 2F
0-1: Foul Ball, location: 2F
0-2: Strikes out swinging
Batting: RHB Kameron Guangorena 0-0: Called Strike
0-1: Swinging Strike
0-2: Ball
1-2: Ball
2-2: Fly out, F8 (Line Drive, 78M)
Batting: LHB Palaie Gaoteote 0-0: Called Strike
0-1: Ball
1-1: Called Strike
1-2: Fly out, F9 (Flyball, 9LS)
Top of the 8th over - 0 runs, 0 hits, 1 error, 1 left on base; Quebec City 1 - Houston 9
BOTTOM OF THE 8TH
Houston 1837 BBC batting - Pitching for Quebec City Les Bleus : LHP Yoshi Minamoto
Batting: RHB Joey Trifone 0-0: Called Strike
0-1: Called Strike
0-2: Ball
1-2: SOLO HOME RUN (Flyball, 7D), Distance : 410 ft
Batting: RHB Phil Sherman 0-0: Ball
1-0: Ball
2-0: Ground out 6-3 (Groundball, 6)
Batting: LHB Mike Houston 0-0: Called Strike
0-1: Ball
1-1: Foul Ball, location: 2F
1-2: Strikes out swinging
Batting: RHB Komotay Koffie 0-0: Called Strike
0-1: Fly out, F8 (Flyball, 78M)
Bottom of the 8th over - 1 run, 1 hit, 0 errors, 0 left on base; Quebec City 1 - Houston 10
TOP OF THE 9TH
Quebec City Les Bleus batting - Pitching for Houston 1837 BBC : LHP Javier Desdin
Batting: RHB Reg Spiers 0-0: Ball
1-0: Called Strike
1-1: Ball
2-1: Fly out, F4 (Popup, 4MD)
Batting: SHB Stan St. John 0-0: Called Strike
0-1: Foul Ball, location: 2F
0-2: Ball
1-2: Strikes out swinging
Batting: RHB Lane McCool 0-0: Ball
1-0: Called Strike
1-1: DOUBLE (Flyball, 8RXD)
Batting: RHB Cam MacIntosh 0-0: Foul Ball, location: 2F
0-1: Ground out 6-3 (Groundball, 6)
Top of the 9th over - 0 runs, 1 hit, 0 errors, 1 left on base; Quebec City 1 - Houston 10
Friday, March 29th, 2019 - OOTP Baseball 18.8 Build 76